 Dungeon Crawl Stone Soup version 0.30.0 (webtiles) character file.

Game seed: 2402560255952102420

248964 BigFatTexta the Impregnable (level 20, -19/140 HPs)
             Began as a Gargoyle Fighter on Sept 12, 2023.
             Was the Champion of Okawaru.
             Demolished by a +2 double sword of draining (22 damage)
             ... on level 2 of the Elven Halls on Sept 13, 2023.
             The game lasted 02:35:55 (35767 turns).

BigFatTexta the Impregnable (Gargoyle Fighter)     Turns: 35767, Time: 02:35:55

Health: -19/140    AC: 46    Str: 36    XL:     20   Next: 3%
Magic:  0/43       EV:  9    Int:  9    God:    Okawaru [******]
Gold:   2842       SH:  8    Dex: 11    Spells: 19/19 levels left

rFire   + . .        b - +5 morningstar (heavy)
rCold   . . .        p - +2 buckler {rN+}
rNeg    + + .        x - +1 plate armour "Cauxzon" {rPois rF+ Regen+ MP+9}
rPois   ∞            Q - +2 hat
rElec   +            V - +0 cloak {rC+}
rCorr   .            G - +1 pair of gloves of Claustrophobia {Regen+}
SInv    +            E - +1 pair of boots of Fuhad {rC- Str+7 SInv}
Will    +....        Z - amulet "Ototioso" {Spirit +Inv Dex+2} Stlth
                     y - +4 ring of slaying
HPRegen 2.03/turn    q - ring of magical power
MPRegen 0.28/turn

%: guardian spirit
@: about to teleport, flying
A: sickness immunity, AC +15, big wings, negative energy resistance 1,
electricity resistance, torment resistance 1, petrification resistance
}: 1/15 runes: decaying
a: Renounce Religion, Evoke Invisibility, Heroism, Finesse, Duel


You were on level 2 of the Elven Halls.
You worshipped Okawaru.
Okawaru was exalted by your worship.
You visited 7 branches of the dungeon, and saw 32 of its levels.
You visited the Abyss 1 time.
You visited 1 bazaar.
You also visited: Sewer, Ice Cave and Volcano.

You collected 3692 gold pieces.
You spent 850 gold pieces at shops.

Inventory:

Hand Weapons
 a - a +0 eveningstar of flaming
 b - a +5 heavy morningstar (weapon)
 e - a +7 demon whip of pain
 A - the +4 mace "Gojoil" {distort, rElec rN+ rCorr Int+4}
   (Okawaru gifted it to you on level 3 of the Swamp)

   Int:       It affects your intelligence (+4).
   rElec:     It insulates you from electricity.
   rN:        It protects you from negative energy.
   rCorr:     It protects you from acid and corrosion.
Missiles
 i - 14 boomerangs (quivered)
 m - 9 atropa-tipped darts
 s - 6 poisoned darts
 u - 10 curare-tipped darts
Armour
 h - the +1 hat of Gorinenio {rElec}
   (Okawaru gifted it to you on level 1 of the Elven Halls)

   rElec:     It insulates you from electricity.
 p - a +2 buckler of positive energy (worn)
 x - the +1 plate armour "Cauxzon" (worn) {rPois rF+ Regen+ MP+9}
   (Okawaru gifted it to you on level 14 of the Dungeon)

   rF:        It protects you from fire.
   rPois:     It protects you from poison.
   MP:        It affects your magic capacity (+9).
   Regen:     It increases your rate of health regeneration.
 E - the +1 pair of boots of Fuhad (worn) {rC- Str+7 SInv}
   (Okawaru gifted it to you on level 2 of the Spider Nest)

   Str:       It affects your strength (+7).
   rC:        It makes you vulnerable to cold.
   SInv:      It lets you see invisible.
 G - the +1 pair of gloves of Claustrophobia (worn) {Regen+}
   (Okawaru gifted it to you on level 10 of the Dungeon)

   Regen:     It increases your rate of health regeneration.
 M - an orb of light
 Q - a +2 hat (worn)
 V - a +0 cloak of cold resistance (worn)
Jewellery
 q - a ring of magical power (right hand)
 y - a +4 ring of slaying (left hand)
 J - a ring of protection from cold
 R - the amulet of Sloth {Regen+ SInv}
   (You bought it in a shop on level 6 of the Dungeon)

   [amulet of regeneration]

   SInv:      It lets you see invisible.
   Regen:     It increases your rate of health regeneration.
 S - an amulet of reflection
 U - a ring of fire
 Z - the amulet "Ototioso" (around neck) {Spirit +Inv Dex+2}
   (You found it in an ice cave)

   [amulet of guardian spirit]

   It causes incoming damage to be divided between your reserves of health and
   magic.
   Dex:       It affects your dexterity (+2).
   +Inv:      It lets you turn invisible.
Wands
 l - a wand of digging (10)
 o - a wand of flame (3)
 t - a wand of roots (3)
 v - a wand of light (12)
 w - a wand of mindburst (23)
 D - a wand of paralysis (43)
Scrolls
 c - a scroll of fog
 f - a scroll of enchant weapon
 g - 10 scrolls of identify
 j - a scroll of acquirement
 B - 8 scrolls of blinking
 H - 2 scrolls of fear
 I - 12 scrolls of teleportation
Potions
 d - 6 potions of haste
 k - 2 potions of resistance
 n - a potion of cancellation
 r - 2 potions of might
 z - 11 potions of curing
 C - 2 potions of magic
 F - 6 potions of invisibility
 L - 7 potions of heal wounds


   Skills:
 - Level 20.0 Fighting
 + Level 19.0 Maces & Flails
 - Level 22.0 Armour
 - Level 10.0 Shields
 - Level 7.0 Invocations


You had 19 spell levels left.
You didn't know any spells.
Your spell library contained the following spells:

 Spells                   Type           Power      Damage    Failure   Level
 Apportation              Tloc           0%         N/A       78%         1
 Magic Dart               Conj           0%         1d3       78%         1
 Sandblast                Erth           0%         2d4       78%         1
 Shock                    Conj/Air       0%         1d3       78%         1
 Sting                    Tmut/Pois      0%         1d3       78%         1
 Ensorcelled Hibernation  Hex/Ice        0%         N/A       89%         2
 Passwall                 Tmut/Erth      0%         N/A       89%         2
 Poisonous Vapours        Pois/Air       0%         N/A       89%         2
 Dazzling Flash           Conj/Hex       0%         N/A       98%         3
 Frozen Ramparts          Ice            0%         1d1       98%         3
 Ignite Poison            Fire/Tmut/Pois 0%         N/A       98%         3
 Inner Flame              Hex/Fire       0%         N/A       98%         3
 Mephitic Cloud           Conj/Pois/Air  0%         N/A       98%         3
 Portal Projectile        Hex/Tloc       0%         N/A       98%         3
 Spider Form              Tmut/Pois      0%         N/A       98%         3
 Stone Arrow              Conj/Erth      0%         3d7       98%         3
 Swiftness                Air            0%         N/A       98%         3
 Volatile Blastmotes      Fire/Tloc      0%         2d10      98%         3
 Airstrike                Air            0%         2d(0-16)  100%        4
 Anguish                  Hex/Necr       0%         N/A       100%        4
 Cause Fear               Hex            0%         N/A       100%        4
 Fulminant Prism          Conj/Hex       0%         3d5       100%        4
 Ice Form                 Ice/Tmut       0%         N/A       100%        4
 Iskenderun's Mystic Bla  Conj/Tloc      0%         2d3       100%        4
 Leda's Liquefaction      Hex/Erth       0%         N/A       100%        4
 Olgreb's Toxic Radiance  Pois           0%         N/A       100%        4
 Sticky Flame             Conj/Fire      0%         2d3       100%        4
 Agony                    Necr           0%         N/A       100%        5
 Alistair's Intoxication  Tmut/Pois      0%         N/A       100%        5
 Blade Hands              Tmut           0%         N/A       100%        5
 Freezing Cloud           Conj/Ice/Air   0%         6-21      100%        5
 Lee's Rapid Deconstruct  Erth           0%         3d4*      100%        5
 Silence                  Hex/Air        0%         N/A       100%        5
 Yara's Violent Unravell  Hex/Tmut       0%         3d3       100%        5
 Iron Shot                Conj/Erth      0%         9d1       100%        6
 Enfeeble                 Hex            0%         N/A       100%        7
 Ozocubu's Refrigeration  Ice            0%         4d7       100%        7
 Ignition                 Fire           0%         3d3       100%        8
 Polar Vortex             Ice            0%         N/A       100%        9
 Summon Small Mammal      Summ           Unusable   N/A       N/A         1
 Call Imp                 Summ           Unusable   N/A       N/A         2
 Cigotuvi's Dreadful Rot  Necr/Pois/Air  Unusable   N/A       N/A         2
 Call Canine Familiar     Summ           Unusable   N/A       N/A         3
 Summon Guardian Golem    Hex/Summ       Unusable   N/A       N/A         3
 Animate Armour           Summ/Erth      Unusable   N/A       N/A         4
 Summon Ice Beast         Ice/Summ       Unusable   N/A       N/A         4
 Simulacrum               Ice/Necr       Unusable   N/A       N/A         6

Dungeon Overview and Level Annotations

Branches:
Dungeon (15/15)            Temple (1/1) D:6            Lair (5/5) D:10
  Swamp (4/4) Lair:3       Spider (3/4) Lair:3        Slime (0/5) Lair:5
    Orc (2/2) D:9             Elf (2/3) Orc:2        Vaults (0/5) D:13
 Depths (0/4) D:15          Sewer (visited)           IceCv (visited)
Volcano (visited)

Altars:
Ashenzari
Cheibriados
Dithmenos
Elyvilon
Fedhas
Gozag
Hepliaklqana
Kikubaaqudgha
Makhleb
Nemelex Xobeh
Okawaru
Qazlal
Ru
Sif Muna
Trog
Uskayaw
Vehumet
Wu Jian
Xom
Yredelemnul
Zin
The Shining One
Jiyva

Shops:
D:6 :=   Orc:2 !:*!

Annotations:
Swamp:2 3 runed translucent doors, Ronstob's ghost, adept VSFi


Innate Abilities, Weirdness & Mutations

You are immune to sickness and miasma.
Your stone body is resilient. (AC +15)
You are immune to poison.
Your large and strong wings let you fly.
You resist negative energy. (rN+)
You are resistant to electric shocks. (rElec)
You are resistant to unholy torment.
You are immune to petrification.


Message History

The bolt of lightning misses the +5 trident of venom.
The bolt of lightning hits you! You resist.
* * * LOW HITPOINT WARNING * * *
The +2 trident of freezing completely misses you.
The +1 heavy trident hits you from afar!
* * * LOW HITPOINT WARNING * * *
You hear a shout!
You feel much better.
The +5 trident of venom hits you but does no damage.
The +0 dire flail of holy wrath hits you!!
* * * LOW HITPOINT WARNING * * *
The +3 mace of protection closely misses you.
The +2 double sword of draining hits you!
* * * LOW HITPOINT WARNING * * *
The +2 trident of freezing hits you from afar.
* * * LOW HITPOINT WARNING * * *
The +2 trident of freezing freezes you.
* * * LOW HITPOINT WARNING * * *
You block the +5 trident of venom's attack.
The +0 dire flail of holy wrath hits you but does no damage.
The +3 mace of protection completely misses you.
The +1 heavy trident barely misses you.
As you read the scroll of fear, it crumbles to dust.
You assume a fearsome visage.
The +0 dire flail of holy wrath is unaffected.
The +3 mace of protection is unaffected.
The +1 heavy trident is unaffected.
The +2 double sword of draining is unaffected.
The +5 trident of venom is unaffected.
The fire elemental is unaffected.
The deep elf zephyrmancer looks frightened!
The deep elf zephyrmancer resists with some effort.
The +2 trident of freezing is unaffected.
The deep elf pyromancer looks frightened!
The deep elf knight looks frightened!
The +2 trident of freezing hits you from afar!
* * * LOW HITPOINT WARNING * * *
The +2 trident of freezing freezes you.
* * * LOW HITPOINT WARNING * * *
The +2 double sword of draining hits you!!
You die...

#.............# ......
#.............##..
......
.#...........#..#.
......
..#.........#....#
......
...#.......#......
.....#
....#.....#.......
....#.
#....#...#........
...#..
##....###)........
###... #... #.@e(.....
#... #.. #((((.....
.###... #..
..#e.(...e...#...#.. ..
.....#..E.....#.e...#. .
#.......#..○e..#.......#
.........#..○.#....(^...
..........#..#..........
...........##....e.§....
...........


You could see a deep elf knight (fast, fleeing), a deep elf pyromancer
(fleeing), 2 deep elf zephyrmancers, a fire elemental (summoned) and 6 dancing
weapons.

Vanquished Creatures
  Jorgrun (D:14)
  Rupert (Lair:3)
  Gastronok (Lair:2)
  2 tentacled starspawn
  Kirke (Swamp:2)
  3 azure jellies (IceCv)
  A rockslime (IceCv)
  4 thorn hunters
  2 fenstrider witches
  A deep elf sorcerer (Elf:1)
  The ghost of Bananafolds the Warrior, a journeyman MfSk of Makhleb (Lair:4)
  A deep elf elementalist (Elf:1)
  A very ugly thing (D:15)
  4 quicksilver oozes (IceCv)
  2 broodmothers (Spider:2)
  A deep elf demonologist (Elf:2)
  4 eleionomae
  A deep elf annihilator (Elf:1)
  2 bunyips
  A deep elf death mage (D:15)
  2 shambling mangroves
  An entropy weaver (Spider:2)
  19 hydras
  A great orb of eyes (D:15)
  Erolcha (D:12)
  A rakshasa (D:15)
  An ogre mage (D:14)
  3 ghost crabs
  A catoblepas (Lair:5)
  6 two-headed ogres
  25 dancing weapons
  6 boulder beetles
  3 centaur warriors
  9 death yaks
  14 alligators
  A deep troll shaman (Lair:5)
  7 orc high priests
  Urug (Orc:2)
  5 spriggans
  8 deep elf knights
  Sonja (D:10)
  Nergalle (Orc:1)
  4 skeletal warriors (D:14)
  6 pharaoh ants
  6 goliath frogs
  Lodul (D:13)
  2 spriggan druids
  3 orb spiders
  9 bog bodies
  9 deep elf archers
  A glowing orange brain (shapeshifter) (D:15)
  11 swamp dragons
  2 orange crystal statues (IceCv)
  2 steelbarb worms (Spider:2)
  2 orc knights
  31 deep elf pyromancers
  13 ugly things
  A lindwurm (Lair:5)
  17 deep elf zephyrmancers
  3 will-o-the-wisps
  11 wolf spiders
  4 orc sorcerers
  9 cyclopes
  A manticore (D:13)
  2 moths of wrath
  12 elephants
  5 black mambas
  Maurice (D:8)
  6 demonic crawlers
  2 torpor snails
  A smoke demon (Abyss:1)
  2 gargoyles
  5 cane toads
  A yaktaur (shapeshifter) (Elf:2)
  8 komodo dragons
  3 rime drakes
  5 unseen horrors
  2 efreet
  A freezing wraith (D:14)
  An ice devil (Abyss:1)
  2 polar bears
  A troll (shapeshifter) (D:12)
  A meliai (shapeshifter) (D:14)
  13 tyrant leeches
  9 meliai
  14 trolls
  8 tarantellas
  5 hornets
  4 blink frogs (Lair:5)
  11 dream sheep
  9 jumping spiders
  Sigmund (D:2)
  3 air elementals
  15 culicivoras
  21 slime creatures
  3 small abominations (Abyss:1)
  A vampire (D:11)
  71 yaks
  7 wyverns
  2 basilisks
  3 shadows
  7 fire elementals
  3 wraiths
  5 humans
  22 vampire mosquitoes
  2 steam dragons
  17 redbacks
  A chaos spawn (Abyss:1)
  A neqoxec (Abyss:1)
  11 swamp worms
  8 wargs
  2 acid dragons
  11 water moccasins
  2 hell hounds (Volcano)
  6 swamp drakes
  6 great orb of eyes simulacra (IceCv)
  3 ice beasts
  16 orc warriors
  6 black bears
  7 ogres
  11 wolves
  5 centaurs
  5 kobold brigands
  3 slime creature simulacra (IceCv)
  A phantom (D:5)
  10 bullfrogs
  3 glowing shapeshifter simulacra (IceCv)
  3 scorpions
  2 water moccasin zombies (D:6)
  6 earth elementals
  5 gnoll sergeants
  10 wights
  3 killer bees (D:8)
  A howler monkey (D:9)
  3 electric eels
  A bullfrog zombie (D:6)
  31 orc priests
  3 hounds
  A jelly (D:7)
  Crazy Yiuf (D:4)
  A centaur zombie (D:6)
  An iron imp (Abyss:1)
  2 gnoll boudas
  2 sleepcaps
  4 iguanas
  19 orc wizards
  Natasha (thrice) (D:4)
  6 hell rats (Lair:4)
  A killer bee zombie (D:6)
  A howler monkey zombie (D:6)
  30 gnolls
  7 adders
  A shadow imp (D:7)
  A white imp (D:6)
  2 ufetubi
  2 worms
  A dart slug (D:3)
  93 orcs
  16 ball pythons
  10 endoplasms
  9 giant cockroaches
  13 goblins
  8 hobgoblins
  4 jackals
  5 quokkas
  9 bats
  4 frilled lizards
  26 kobolds
  8 rats
  3 briar patches
1097 creatures vanquished.

Vanquished Creatures (others)
  A bunyip (Swamp:4)
  A deep elf knight (Elf:2)
  A deep elf pyromancer (Elf:1)
  6 bloated husks
  2 tyrant leeches (Spider:3)
  A tarantella (Spider:3)
  A culicivora (Spider:1)
  A swamp worm (Swamp:4)
  An orc wizard (Orc:1)
  2 orcs (Orc:1)
  A briar patch (Swamp:1)
  8 foxfires
  11 fungi
  28 plants
  6 starspawn tentacles
71 creatures vanquished.

Grand Total: 1168 creatures vanquished

Notes
Turn   | Place    | Note
-------+----------+-------------------------------------------
     0 | D:1      | BigFatTexta the Gargoyle Fighter began the quest for the
                  | Orb.
     0 | D:1      | Reached XP level 1. HP: 14/14 MP: 1/1
    96 | D:1      | Found a faded altar of an unknown god.
   141 | D:1      | Reached XP level 2. HP: 20/20 MP: 2/2
   196 | D:2      | You fall into a shaft and drop 2 floors!
   429 | D:3      | Reached XP level 3. HP: 24/24 MP: 3/3
   825 | D:1      | Reached skill level 5 in Fighting
  1228 | D:2      | Reached XP level 4. HP: 31/31 MP: 4/4
  1320 | D:2      | Noticed Sigmund
  1760 | D:3      | Reached XP level 5. HP: 36/36 MP: 5/5
  2415 | D:4      | Noticed Natasha
  2420 | D:4      | Killed Natasha
  2455 | D:4      | Noticed Natasha
  2465 | D:4      | Killed Natasha
  2663 | D:4      | Found a shadowy altar of Dithmenos.
  2710 | D:4      | Noticed Natasha
  2718 | D:4      | Killed Natasha
  2719 | D:4      | Reached XP level 6. HP: 33/41 MP: 6/6
  3104 | D:4      | Found a runed translucent door.
  3105 | D:4      | Noticed Crazy Yiuf
  3113 | D:4      | Killed Crazy Yiuf
  3204 | D:5      | Entered Level 5 of the Dungeon
  3329 | D:4      | Reached skill level 5 in Maces & Flails
  3440 | D:5      | Reached XP level 7. HP: 44/46 MP: 7/7
  3656 | D:5      | Found an opulent altar of Gozag.
  4050 | D:6      | Reached XP level 8. HP: 47/51 MP: 8/8
  4065 | D:6      | Identified 2 scrolls of acquirement
  4070 | D:6      | Acquired a +4 dire flail of holy wrath
  4229 | D:6      | Found a glowing drain.
  4243 | Sewer    | Entered a sewer
  4682 | D:6      | Reached skill level 4 in Armour
  4694 | D:6      | Reached skill level 5 in Armour
  4782 | D:6      | Found a basalt altar of Yredelemnul.
  4786 | D:6      | Reached skill level 6 in Armour
  4807 | D:6      | Reached XP level 9. HP: 53/55 MP: 9/9
  4831 | D:6      | Found a staircase to the Ecumenical Temple.
  4853 | D:6      | Reached skill level 7 in Armour
  4860 | Temple   | Entered the Ecumenical Temple
  4953 | Temple   | Became a worshipper of Warmaster Okawaru
  5200 | D:6      | Found Sixoga's Tremendous Tomes.
  5422 | D:6      | Found Saghogou's Jewellery Boutique.
  5868 | D:7      | Reached * piety under Okawaru
  6296 | D:7      | Reached skill level 10 in Maces & Flails
  6803 | D:8      | Found a burning altar of Makhleb.
  6956 | D:8      | Noticed Maurice
  6973 | D:8      | Reached ** piety under Okawaru
  6982 | D:8      | Killed Maurice
  6983 | D:8      | Reached XP level 10. HP: 64/64 MP: 10/10
  7248 | D:8      | Reached *** piety under Okawaru
  7277 | D:8      | Found a shimmering blue altar of Sif Muna.
  7712 | D:9      | Found a blossoming altar of Fedhas.
  7864 | D:9      | Found a bloodstained altar of Trog.
  7914 | D:9      | Identified the +0 robe of the Pirate {rC+}
  7926 | D:9      | Noticed a two-headed ogre
  7945 | D:9      | Killed a two-headed ogre
  7945 | D:9      | Received a gift from Okawaru
  8031 | D:9      | Noticed a two-headed ogre
  8043 | D:9      | HP: 3/64 [two-headed ogre/+0 giant club (10)]
  8069 | D:10     | Entered Level 10 of the Dungeon
  8304 | D:10     | Noticed Sonja
  8315 | D:10     | Killed Sonja
  8319 | D:10     | Reached **** piety under Okawaru
  8405 | D:10     | Reached XP level 11. HP: 63/68 MP: 11/11
  8544 | D:10     | Found a staircase to the Lair.
  8660 | D:10     | Reached ***** piety under Okawaru
  8889 | D:10     | Identified the +1 pair of gloves of Claustrophobia {Regen+}
                  | (Okawaru gifted it to you on level 10 of the Dungeon)
  8889 | D:10     | Received a gift from Okawaru
  9135 | D:10     | Reached skill level 8 in Armour
  9321 | D:10     | Reached skill level 10 in Fighting
  9354 | D:9      | Killed a two-headed ogre
  9416 | D:9      | Found a staircase to the Orcish Mines.
  9459 | D:9      | Reached skill level 9 in Armour
  9835 | D:9      | Found a sacrificial altar of Ru.
 10309 | D:2      | Killed Sigmund
 10310 | D:2      | Reached skill level 10 in Armour
 10310 | D:2      | Reached skill level 1 in Invocations
 10464 | D:6      | Bought the amulet of Sloth {Regen+ SInv} for 453 gold
                  | pieces
 10584 | D:11     | Noticed a boulder beetle
 10767 | Abyss:1  | Cast into level 1 of the Abyss (gnoll)
 10865 | Abyss:1  | Noticed a tentacled starspawn
 10878 | Abyss:1  | Killed a tentacled starspawn
 10879 | Abyss:1  | Reached skill level 5 in Invocations
 10879 | Abyss:1  | Reached XP level 12. HP: 77/77 MP: 16/16
 10928 | D:11     | Escaped the Abyss
 10962 | D:10     | Killed a boulder beetle
 11284 | D:11     | Noticed a boulder beetle
 11294 | D:11     | Killed a boulder beetle
 11655 | Lair:1   | Entered Level 1 of the Lair of Beasts
 11788 | Lair:1   | Reached skill level 11 in Armour
 12253 | Lair:1   | Reached skill level 12 in Armour
 12426 | Lair:1   | Reached XP level 13. HP: 86/86 MP: 18/18
 12747 | Lair:1   | Found a runed translucent door.
 12944 | Lair:1   | Noticed a tentacled starspawn
 12956 | Lair:1   | Killed a tentacled starspawn
 12956 | Lair:1   | Received a gift from Okawaru
 13308 | Lair:2   | Reached skill level 13 in Armour
 13334 | Lair:2   | Noticed Gastronok
 13354 | Lair:2   | Killed Gastronok
 13354 | Lair:2   | Reached ****** piety under Okawaru
 14339 | Lair:3   | Received a gift from Okawaru
 14631 | Lair:3   | Found a staircase to the Swamp.
 14686 | Lair:3   | Found a hole to the Spider Nest.
 14755 | Lair:3   | Noticed Rupert
 14760 | Lair:3   | Paralysed by Rupert for 4 turns
 14776 | Lair:3   | HP: 1/88 [Rupert/+2 triple sword of electrocution (19)]
 14780 | Lair:3   | Killed Rupert
 14802 | Lair:3   | Reached skill level 5 in Shields
 15178 | Lair:4   | Found a large runed translucent door.
 15178 | Lair:4   | Found a large runed translucent door.
 15182 | Lair:4   | Noticed Bananafolds's ghost (journeyman MfSk)
 15236 | Lair:4   | Reached skill level 14 in Armour
 15288 | Lair:4   | You fall into a shaft and drop 1 floor!
 15288 | Lair:5   | Entered Level 5 of the Lair of Beasts
 15290 | Lair:5   | Found a dark tunnel.
 15324 | Volcano  | Entered a volcano
 15349 | Volcano  | Identified the +1 cloak of the Stonemason {Str-4 Int+6}
                  | (Okawaru gifted it to you in a volcano)
 15349 | Volcano  | Received a gift from Okawaru
 15415 | Volcano  | Gained mutation: Your large and strong wings let you fly.
                  | [Gargoyle growth]
 15415 | Volcano  | Reached XP level 14. HP: 72/96 MP: 19/19
 16446 | Lair:5   | Found a viscous altar of Jiyva.
 16447 | Lair:5   | Found a staircase to the Slime Pits.
 16555 | Lair:5   | Reached skill level 15 in Maces & Flails
 17022 | Lair:5   | Received a gift from Okawaru
 17910 | Lair:4   | Killed Bananafolds's ghost
 18180 | D:12     | Identified the +0 chain mail of Circular Logic {Rampage rN+
                  | Int-3 Dex+3} (Okawaru gifted it to you on level 12 of the
                  | Dungeon)
 18180 | D:12     | Received a gift from Okawaru
 18237 | D:12     | Reached XP level 15. HP: 101/101 MP: 20/20
 18262 | D:12     | Noticed Erolcha
 18270 | D:12     | Killed Erolcha
 18296 | D:12     | Reached skill level 10 in Shields
 18955 | D:13     | Noticed Lodul
 18967 | D:13     | Killed Lodul
 19036 | D:13     | Found a flickering gateway to a bazaar.
 19096 | D:13     | Found a gate to the Vaults.
 19144 | D:13     | Found a blossoming altar of Fedhas.
 19195 | Bazaar   | Entered a bazaar
 19200 | Bazaar   | Found Dougif's Antique Armour Boutique.
 19203 | Bazaar   | Found Unkevic's Weapon Shoppe.
 19213 | Bazaar   | Found Ityi's Antique Weapon Shop.
 19220 | Bazaar   | Found Usseipn's Magic Scroll Boutique.
 19231 | Bazaar   | Found Fiannatt's Jewellery Emporium.
 19494 | D:13     | Reached skill level 15 in Fighting
 19494 | D:13     | Reached skill level 15 in Armour
 20117 | D:14     | Noticed Jorgrun
 20138 | D:14     | Killed Jorgrun
 20298 | D:14     | Identified the +1 broad axe of Muzxatuy {freeze, rC+ Int+3}
 20758 | D:14     | Identified the +1 plate armour "Cauxzon" {rPois rF+ Regen+
                  | MP+9} (Okawaru gifted it to you on level 14 of the Dungeon)
 20758 | D:14     | Received a gift from Okawaru
 21362 | D:15     | Entered Level 15 of the Dungeon
 21486 | D:15     | Reached skill level 16 in Armour
 21858 | D:15     | Paralysed by a great orb of eyes for 5 turns
 21910 | D:15     | Found a staircase to the Depths.
 22002 | D:15     | Reached XP level 16. HP: 111/111 MP: 21/21
 22009 | D:15     | Received a gift from Okawaru
 22739 | Orc:1    | Entered Level 1 of the Orcish Mines
 22744 | Orc:1    | Noticed Nergalle
 22876 | Orc:1    | Killed Nergalle
 23332 | Orc:2    | Entered Level 2 of the Orcish Mines
 23373 | Orc:2    | Found a staircase to the Elven Halls.
 23441 | Orc:1    | Reached skill level 17 in Armour
 23575 | Orc:2    | Noticed Urug
 23584 | Orc:2    | Killed Urug
 23676 | Orc:2    | Found a radiant altar of Vehumet.
 23775 | Orc:2    | Found Bomusyto's Book Shop.
 23776 | Orc:2    | Found Uburgh's Distillery.
 23811 | Orc:2    | HP: 5/112 [barbs]
 23812 | Orc:2    | HP: 1/112 [barbs]
 23967 | Orc:2    | Bought 2 potions of heal wounds for 120 gold pieces
 24040 | Orc:2    | Identified the +2 mace of Ritt {drain, rElec Str+4}
                  | (Okawaru gifted it to you on level 2 of the Orcish Mines)
 24040 | Orc:2    | Received a gift from Okawaru
 24065 | Orc:2    | Found Iddowol's General Store.
 24065 | Orc:2    | Found Fies's Distillery.
 24073 | Orc:2    | Bought a scroll of blinking for 112 gold pieces
 24073 | Orc:2    | Bought a scroll of teleportation for 45 gold pieces
 24082 | Orc:2    | Bought a potion of heal wounds for 60 gold pieces
 24082 | Orc:2    | Bought a potion of heal wounds for 60 gold pieces
 24622 | Spider:1 | Entered Level 1 of the Spider Nest
 26252 | Spider:2 | Identified the +1 pair of boots of Fuhad {rC- Str+7 SInv}
                  | (Okawaru gifted it to you on level 2 of the Spider Nest)
 26252 | Spider:2 | Received a gift from Okawaru
 26324 | Spider:2 | Reached skill level 18 in Armour
 27163 | Swamp:1  | Entered Level 1 of the Swamp
 27396 | Swamp:1  | Noticed a thorn hunter
 27411 | Swamp:1  | Reached XP level 17. HP: 96/119 MP: 22/22
 27766 | Swamp:2  | Found a frozen archway.
 27770 | IceCv    | Entered an ice cave
 28424 | IceCv    | Found a viscous altar of Jiyva.
 28475 | IceCv    | Received a gift from Okawaru
 28506 | IceCv    | Identified the amulet "Ototioso" {Spirit +Inv Dex+2}
 28860 | Swamp:2  | Found a runed translucent gate.
 28860 | Swamp:2  | Found a runed translucent gate.
 28861 | Swamp:2  | Found a runed translucent gate.
 28861 | Swamp:2  | Noticed a tentacled monstrosity
 28864 | Swamp:2  | Noticed Ronstob's ghost (adept VSFi)
 28935 | Swamp:2  | Noticed Kirke
 29107 | Swamp:2  | Killed Kirke
 29119 | Swamp:2  | Reached XP level 18. HP: 114/114 MP: 23/23
 30073 | Swamp:3  | Reached skill level 19 in Armour
 30322 | Swamp:3  | Identified the +4 mace "Gojoil" {distort, rElec rN+ rCorr
                  | Int+4} (Okawaru gifted it to you on level 3 of the Swamp)
 30322 | Swamp:3  | Received a gift from Okawaru
 30340 | Swamp:3  | Identified the +0 leather armour of Levity {rF++}
 30627 | Swamp:4  | Entered Level 4 of the Swamp
 30809 | Swamp:3  | Reached skill level 20 in Armour
 30859 | Swamp:4  | Paralysed by a fenstrider witch for 4 turns
 31238 | Swamp:4  | Reached XP level 19. HP: 130/130 MP: 24/24
 31539 | Swamp:3  | Received a gift from Okawaru
 31553 | Swamp:4  | Reached skill level 21 in Armour
 31682 | Swamp:4  | Identified the +8 rapier of the Visionary {freeze, rN+
                  | rCorr Str+3}
 31814 | Swamp:4  | Got a decaying rune of Zot
 33402 | Elf:1    | Entered Level 1 of the Elven Halls
 33420 | Elf:1    | Reached skill level 22 in Armour
 33869 | Elf:1    | Identified the +1 hat of Gorinenio {rElec} (Okawaru gifted
                  | it to you on level 1 of the Elven Halls)
 33869 | Elf:1    | Received a gift from Okawaru
 33963 | Elf:1    | Paralysed by an air elemental for 1 turns
 34243 | Elf:1    | HP: 5/132 [something (12)]
 34244 | Elf:1    | Paralysed by an air elemental for 1 turns
 34244 | Elf:1    | HP: 2/132 [air elemental/stunning burst (4)]
 34493 | Elf:1    | Paralysed by an air elemental for 1 turns
 34495 | Elf:1    | Paralysed by an air elemental for 1 turns
 34497 | Elf:1    | Paralysed by an air elemental for 1 turns
 35112 | Elf:2    | Found Buheaf's Distillery.
 35118 | Elf:2    | Paralysed by an air elemental for 1 turns
 35514 | Elf:2    | Found a runed translucent gate.
 35514 | Elf:2    | Found a runed translucent gate.
 35514 | Elf:2    | Found a runed translucent gate.
 35734 | Elf:2    | Reached XP level 20. HP: 115/140 MP: 25/25
 35767 | Elf:2    | HP: 5/140 [+2 trident of freezing (6)]
 35767 | Elf:2    | Demolished by a +2 double sword of draining

Illustrated notes

Levels and vault maps discovered:
D:1:      minmay_arrival_five_plusses, layout_loops_ring, basic_ecumenical_altar
D:2:      layout_basic, serial_curves, eino_curves_01, eino_curves_03,
          minmay_large_rounded_square, minmay_tetromino_s4, uniq_sigmund
D:3:      layout_basic, serial_co_window_serial, co_window_corner_a,
          co_window_paths_a, co_window_of_opportunity_a, co_window_cross_1,
          co_window_paths_a, co_window_paths_b, co_window_corner_a,
          co_window_cross_4, co_window_2corner, co_window_2corner,
          co_window_paths_c, co_window_2corner, co_window_paths_e,
          glass_columns_a, minmay_vboxes
D:4:      layout_gridville, nicolae_dithmenos_shadow_blocks, uniq_natasha,
          uniq_crazy_yiuf_cottage
D:5:      layout_cave_pools, lemuel_tele_altar
D:6:      layout_gridville, nicolae_yredelemnul_corpse_copse,
          minmay_temple_entry_butterflies, serial_shops,
          nicolae_shop_temple_entry_statues_fountains,
          cheibrodos_sewer_entry_sluice, nicolae_shop_i_like_big_books,
          chequers_serial_rivers_large_b, roderic_serpentine_path, hex_tiny
D:7:      layout_cave_pods
D:8:      layout_basic, nicolae_overflow_crystal_walls, bloody_makhleb,
          uniq_maurice
D:9:      layout_big_octagon, nicolae_ru_path_of_blood,
          nicolae_overflow_squiral, david_orc_2
D:10:     layout_gridville, minmay_lair_entry_grove, uniq_sonja
D:11:     layout_gridville
D:12:     layout_basic, uniq_erolcha
D:13:     layout_stronghold, erik_vaults_1, serial_shops, bzr_entry_lakeside,
          fedhas_altar_fruit_tree, uniq_lodul
D:14:     layout_long_grid, ebering_dispersal_statue_hall,
          minmay_shattered_shrine, uniq_jorgrun
D:15:     gammafunk_enter_depths_forms, layout_layer_cave, grunt_ministairs_13,
          uniq_agnes
Temple:   zaba_magenta_temple
Lair:1:   layout_layer_cave, pdpol_lair_cabin_in_the_woods, lemuel_fruit_tree,
          grunt_megastairs_3
Lair:2:   layout_long_grid, uniq_gastronok
Lair:3:   layout_misc_corridors, swamp_mist, nicolae_spider_entry_orb_guardian,
          serial_bayou_shore_a, infiniplex_staircase_pool, uniq_rupert
Lair:4:   layout_regular_city, ebering_ghost_disaster_area, grunt_megastairs_4
Lair:5:   grunt_lair_end_beastmaster, layout_small_grid,
          dpeg_slime_entry_enclosed, enter_volcano_1, serial_bayou_shore_b
Swamp:1:  layout_basic_swamp, evilmike_swamp_ruin_rubble_1
Swamp:2:  layout_basic_swamp, portal_ice_cave_entry_pillars_four,
          gammafunk_ghost_split, evilmike_swamp_ruin_house_2, swamp_pool5,
          uniq_kirke
Swamp:3:  layout_basic_swamp, evilmike_swamp_ruin_rubble_2
Swamp:4:  swamp_alternative, layout_basic_swamp, swamp_pool4,
          nzn_swamp_blast_mining
Spider:1: layout_spider_delve
Spider:2: layout_spider_delve, drop_trap, hellmonk_spider_spawner
Spider:3: layout_spider_delve, nicolae_spider_swamp_cousins, uniq_azrael
Orc:1:    layout_caves, guppyfry_library_mini, uniq_nergalle
Orc:2:    st_orc_town, layout_caves, basic_altar, uniq_urug
Elf:1:    elf_arrival_002, layout_loops_corners, evilmike_minifort
Elf:2:    nicolae_elf_blades_splatter_lattice [nicolae_blade_lattice],
          layout_geoelf_diagonals, drop_trap, nicolae_wooded_promenade

Skill      XL: |  1  2  3  4  5  6  7  8  9 10 11 12 13 14 15 16 17 18 19 20 |
---------------+-------------------------------------------------------------+-----
Fighting       | 4 5 6 8 10 12 14 16 18 20 | 20.0
Maces & Flails | 4 5 8 9 11 13 14 16 18 19 | 19.0
Armour         | 6 7 10 12 14 16 18 20 22 | 22.0
Invocations    | 5 7 |  7.0
Shields        | 5 9 10 | 10.0

Action                     |  1- 3 |  4- 6 |  7- 9 | 10-12 | 13-15 | 16-18 | 19-21 || total
---------------------------+-------+-------+-------+-------+-------+-------+-------++-------
  Melee: Flail             |   126 |   102 |       |       |       |       |       ||   228
         Quarterstaff      |       |    47 |    50 |       |       |       |       ||    97
         Dire flail        |       |       |   290 |   658 |   147 |       |       ||  1095
         Demon whip        |       |       |       |       |   311 |       |       ||   311
         Eveningstar       |       |       |       |       |   798 |    26 |       ||   824
         Morningstar       |       |       |       |       |       |   931 |   480 ||  1411
  Throw: Dart              |       |       |       |     7 |       |       |     1 ||     8
 Invoke: Heroism           |       |       |     1 |     6 |     3 |     1 |     2 ||    13
         Finesse           |       |       |       |       |     2 |     1 |       ||     3
  Evoke: Wand              |       |       |       |     3 |     2 |     5 |     1 ||    11
    Use: Potion            |       |     3 |     1 |     3 |     5 |     4 |     4 ||    20
         Scroll            |       |       |     8 |     4 |    16 |    11 |     6 ||    45
   Stab: Petrified         |       |       |       |       |     6 |       |       ||     6
         Petrifying        |       |       |       |       |     3 |       |       ||     3
         Distracted        |       |       |       |       |       |     1 |       ||     1
 Armour: Scale mail        |    64 |   135 |   236 |   374 |   486 |       |       ||  1295
         Ring mail         |       |       |       |       |    61 |       |       ||    61
         Plate armour      |       |       |       |       |   116 |  1173 |   647 ||  1936
  Dodge: Dodged            |    65 |   102 |   218 |   310 |   374 |   482 |   228 ||  1779
  Block: Buckler           |    21 |    23 |       |       |   222 |   608 |   280 ||  1154
         Kite shield       |       |       |       |       |   232 |       |       ||   232
         Reflection        |       |       |       |       |       |     2 |       ||     2
